 Dungeon Crawl Stone Soup version 0.22-a0-355-g201945f (webtiles) character file.

137 mhoghedin the Conjurer (level 5, 0/28 HPs)
             Began as a Kobold Conjurer on Apr 17, 2018.
             Killed by nerve-wracking pain
             ... invoked by an orc priest
              (11 damage)
             ... on level 3 of the Dungeon.
             The game lasted 00:06:05 (3154 turns).

mhoghedin the Conjurer (Kobold Conjurer)            Turns: 3154, Time: 00:06:05

Health: 0/28       AC:  2    Str:  5    XL:     5   Next: 44%
Magic:  2/10       EV: 15    Int: 18    God:
Gold:   113        SH:  0    Dex: 15    Spells: 0/10 levels left

rFire    . . .     SeeInvis .   m - -2 short sword (curse)
rCold    . . .     Gourm    .   (shield restricted)
rNeg     . . .     Faith    +   a - +0 robe
rPois    .         Spirit   .   (no helmet)
rElec    .         Reflect  .   (no cloak)
rCorr    .         Harm     .   (no gloves)
MR       .....                  (no boots)
Stlth    ++........             o - amulet of faith {Faith, !P}
HPRegen  0.09/turn              (no ring)
MPRegen  0.12/turn              (no ring)

@: no status effects
A: small, carnivore
a: no special abilities


You were on level 3 of the Dungeon.
You were very full.

You visited 1 branch of the dungeon, and saw 3 of its levels.

You collected 113 gold pieces.

Inventory:

Hand Weapons
 h - a +0 dagger
   (You took it off a goblin on level 1 of the Dungeon)
 m - a cursed -2 short sword (weapon)
   (You found it on level 2 of the Dungeon)
Armour
 a - a +0 robe (worn)
Jewellery
 o - an amulet of faith (around neck) {Faith, !P}
   (You took it off a kobold on level 2 of the Dungeon)
Scrolls
 b - 2 scrolls of identify {unknown}
 e - a scroll of teleportation {unknown}
 g - a scroll of fog {unknown}
 j - a scroll of enchant weapon {unknown}
 l - a scroll of noise {unknown}
Potions
 d - 3 potions of might {unknown}
 f - 3 potions of heal wounds {unknown}
 i - a potion of magic {unknown}
 k - a potion of resistance {unknown}
 n - a potion of brilliance {unknown}
 p - a potion of curing {unknown}
Comestibles
 c - 5 rations


   Skills:
 - Level 2.4 Dodging
 - Level 2.6 Stealth
 - Level 3.4 Spellcasting
 + Level 5.6 Conjurations
 + Level 0.2 Hexes


You couldn't memorise any spells.
You knew the following spells:

 Your Spells              Type           Power        Failure   Level  Hunger
a - Magic Dart            Conj           ###.         1%          1    None
b - Searing Ray           Conj           ###...       2%          2    ##.....
c - Dazzling Spray        Conj/Hex       ##....       14%         3    ###....
d - Fulminant Prism       Conj/Hex       ##........   41%         4    ####...


Dungeon Overview and Level Annotations

Branches:
Dungeon (3/15)

Altars:
Ashenzari
Gozag
Ru
The Shining One

Shops:
D:2 *


Innate Abilities, Weirdness & Mutations

You are small and have problems with some larger weapons.
You are carnivorous and can eat meat at any time.


Message History

Aim: an orc, wielding a dagger and wearing a scale mail (severely wounded)
The magic dart hits the orc.
You now have 6/10 mp.
Aim: an orc, wielding a dagger and wearing a scale mail (almost dead)
The magic dart hits the orc.
You kill the orc!
An orc comes into view.
An orc is nearby!
An orc is nearby!
Aim: a hobgoblin, wielding a club The magic dart hits the hobgoblin.
You now have 5/10 mp.
Aim: a hobgoblin, wielding a club The magic dart hits the hobgoblin.
You kill the hobgoblin!
An orc comes into view. It is wielding a whip.
You now have 4/10 mp.
Aim: an orc, wearing a leather armour The magic dart hits the orc.
You now have 3/10 mp.
Aim: an orc, wearing a leather armour (almost dead)
The magic dart hits the orc.
You kill the orc!
You now have 2/10 mp.
Aim: an orc, wielding a whip and wearing a ring mail The magic dart hits the orc.
The orc throws a poisoned tomahawk.
The poisoned tomahawk barely misses you.
Aim: an orc, wielding a whip and wearing a ring mail (almost dead)
The magic dart hits the orc.
The orc throws a poisoned tomahawk.
The poisoned tomahawk misses you.
You don't have enough magic to cast that spell.
You now have 0/10 mp.
You see here 2 poisoned tomahawks.
The orc throws a poisoned tomahawk.
The poisoned tomahawk barely misses you.
You see here a poisoned tomahawk.
The orc closely misses you.
You hit the orc. The orc completely misses you.
You barely miss the orc. The orc hits you with a mace.
You take 6 damage, and have 22/28 hp.
MASSIVE DAMAGE!!
You hit the orc. The orc closely misses you.
You barely miss the orc. The orc hits you with a mace.
You take 1 damage, and have 21/28 hp.
You hit the orc.
You kill the orc!
You hit the orc but do no damage. The orc barely misses you.
You hit the orc but do no damage. The orc hits you but does no damage.
A kobold comes into view. It is wielding a whip.
You closely miss the orc. The orc hits you with a whip.
You take 4 damage, and have 18/28 hp.
You closely miss the orc. The orc misses you. x2
You hit the orc but do no damage. The orc completely misses you.
You hit the orc but do no damage. The orc hits you with a whip!
You take 7 damage, and have 11/28 hp.
MASSIVE DAMAGE!!
Aim: an orc, wielding a whip and wearing a ring mail (severely wounded)
The searing ray hits the orc. (Press . to maintain the ray.)
The orc hits you with a whip.
You take 2 damage, and have 9/28 hp.
You now have 1/10 mp.
The searing ray hits the orc.
You kill the orc!
You now have 0/10 mp.
Without enough magic to sustain it, your searing ray dissipates.
Items here: )) [[ a whip; a ring mail; a mace; a leather armour There isn't anything to butcher here.
There isn't anything to butcher here.
You see here a poisoned tomahawk.
q - a poisoned tomahawk
q - 3 poisoned tomahawks (gained 2)
You start resting.
Throwing (i - inventory)
q - 3 poisoned tomahawks (quivered)
Aim: a hobgoblin (hasn't noticed you)
You throw a poisoned tomahawk.
The poisoned tomahawk closely misses the hobgoblin.
The hobgoblin shouts!
You hear a shout!
Throwing (i - inventory)
q - 2 poisoned tomahawks (quivered)
Aim: a hobgoblin You throw a poisoned tomahawk.
The poisoned tomahawk hits the hobgoblin.
A goblin comes into view. It is wielding a club.
The goblin moves out of view.
Throwing (i - inventory)
q - a poisoned tomahawk (quivered)
Aim: a hobgoblin You throw a poisoned tomahawk.
The poisoned tomahawk hits the hobgoblin but does no damage.
The hobgoblin is poisoned.
An orc priest comes into view. It is wielding a flail.
The orc priest shouts!
You hear a shout! x3; You hear an angry hiss.
The hobgoblin closely misses you.
Items here: )) [[ a whip; a ring mail; a mace; a leather armour The orc shouts!
You hear a shout! x2
Okay, then.
Unknown command.
The orc priest invokes the aid of Beogh against you.
Pain shoots through your body!
You die...

...o...# #........ ..........
##........ ...o......##.
#.)....... .....>.##..o.
#####......... ........
##..#######.............
........##.o.........####........
.............# #<#######
#...........####.#
#....@.........#
########.##g###########
.........##)# .....###(...#
...)([....### ..(.#####.# . #.#
#.# #.#


You could see an orc priest, an orc and a hobgoblin.

Vanquished Creatures
  An orc priest (D:3)
  2 adders (D:2)
  3 gnolls (D:2)
  A worm (D:2)
  A leopard gecko (D:1)
  6 orcs
  6 bats
  2 giant cockroaches
  7 goblins
  3 hobgoblins
  2 jackals (D:1)
  2 quokkas
  2 ball pythons (D:2)
  3 frilled lizards
  6 kobolds (D:2)
  6 rats
53 creatures vanquished.

Notes
Turn   | Place    | Note
-------+----------+-------------------------------------------
     0 | D:1      | mhoghedin the Kobold Conjurer began the quest for the Orb.
     0 | D:1      | Reached XP level 1. HP: 10/10 MP: 3/3
   276 | D:1      | Reached XP level 2. HP: 15/15 MP: 0/5
   280 | D:1      | Learned a level 2 spell: Searing Ray
   828 | D:1      | Found a shattered altar of Ashenzari.
  1226 | D:2      | Found a glowing golden altar of the Shining One.
  1255 | D:2      | Reached XP level 3. HP: 19/19 MP: 3/6
  1341 | D:2      | Found an opulent altar of Gozag.
  1420 | D:2      | HP: 4/19 [gnoll/spear of freezing (2)]
  1460 | D:2      | Reached skill level 5 in Conjurations
  1460 | D:2      | Reached XP level 4. HP: 8/24 MP: 2/8
  1641 | D:2      | Reached skill level 3 in Spellcasting
  1705 | D:2      | Learned a level 3 spell: Dazzling Spray
  1886 | D:2      | Found a sacrificial altar of Ru.
  1929 | D:2      | Found Gozag's Platinum Reserve.
  2566 | D:3      | Noticed an ogre
  2793 | D:3      | HP: 6/24 [orc priest/club (2)]
  2794 | D:3      | Reached XP level 5. HP: 7/28 MP: 5/10
  3085 | D:3      | Learned a level 4 spell: Fulminant Prism
  3154 | D:3      | Killed from afar by an orc priest

Vault maps used:
D:1:      dpeg_arrival_rhombus, ashenzari_altar_1
D:2:      nicolae_gozag_zags_fifth_avenue, nicolae_tso_carved_into_rock,
          nicolae_ru_the_path_less_chosen
D:3:      lemuel_doored_altar, cheibriados_altar_1

Skill      XL: |  1  2  3  4 |
---------------+-------------+-----
Conjurations   | 5 |  5.6
Spellcasting   | 3 |  3.4
Dodging        | |  2.4
Stealth        | |  2.6
Hexes          | |  0.2

Action                   |  1- 3 |  4- 6 || total
-------------------------+-------+-------++-------
Melee: Unarmed           |     7 |       ||     7
       Dagger            |     2 |       ||     2
       Short sword       |       |    33 ||    33
Throw: Tomahawk          |       |     3 ||     3
 Cast: Magic Dart        |    20 |    32 ||    52
       Searing Ray       |     7 |    12 ||    19
 Stab: Sleeping          |     2 |     1 ||     3
  Eat: Chunk             |     8 |     7 ||    15
Armor: Robe              |     5 |     3 ||     8
Dodge: Dodged            |    32 |    52 ||    84

Table legend:
 A = Spawn XP
 B = Non-spawn XP
 C = Spawn XP percentage of total XP
 D = Spawn monster count
 E = Non-spawn monster count
 F = Spawn count percentage of total count
 G = Total turns spent on level
                    A         B        C        D         E        F      G
               +---------+---------+-------+---------+---------+-------+---------
         Total |       0 |     197 |   0.0 |       0 |      53 |   0.0 |  3154
               +---------+---------+-------+---------+---------+-------+---------
           D:1 |       0 |      20 |   0.0 |       0 |      12 |   0.0 |  1022
           D:2 |       0 |     113 |   0.0 |       0 |      31 |   0.0 |  1997
           D:3 |       0 |      64 |   0.0 |       0 |      10 |   0.0 |   135
               +---------+---------+-------+---------+---------+-------+---------

Vault maps used:
D:1:      dpeg_arrival_rhombus, ashenzari_altar_1
D:2:      nicolae_gozag_zags_fifth_avenue, nicolae_tso_carved_into_rock,
          nicolae_ru_the_path_less_chosen
D:3:      lemuel_doored_altar, cheibriados_altar_1

Table legend:
 A = Turns spent in this place as a percentage of turns spent in the entire game.
 B = Non-inter-level travel turns spent in this place as a percentage of non-inter-level travel turns spent in the entire game.
 C = Inter-level travel turns spent in this place as a percentage of turns spent in this place.
 D = Turns resting spent in this place as a percentage of non-inter-level travel turns spent in this place.
 E = Turns spent auto-exploring this place as a percentage of non-inter-level travel turns spent in this place.
 F = Non-inter-level travel turns spent in this place divided by the number of levels of this place that you've seen.
                   A       B       C       D       E      F
               +-------+-------+-------+-------+-------+----------------------
         Total | 100.0 | 100.0 |   2.6 |  47.4 |  34.3 | 1024.0
       Dungeon | 100.0 | 100.0 |   2.6 |  47.4 |  34.3 | 1024.0
               +-------+-------+-------+-------+-------+----------------------

Table legend:
 A = Kills in this place as a percentage of kills in entire the game.
 B = Kills by you in this place as a percentage of kills by you in the entire game.
 C = Kills by friends in this place as a percentage of kills by friends in the entire game.
 D = Other kills in this place as a percentage of other kills in the entire game.
 E = Experience gained in this place as a percentage of experience gained in the entire game.
 F = Experience gained in this place divided by the number of levels of this place that you have seen.
                   A       B       C       D       E      F
               +-------+-------+-------+-------+-------+----------------------
         Total | 100.0 | 100.0 |   N/A |   N/A | 100.0 |  65.7
       Dungeon | 100.0 | 100.0 |   N/A |   N/A | 100.0 |  65.7
               +-------+-------+-------+-------+-------+----------------------
